Map: Ever Dream LE

Players

Yoger

  • Race: Zerg Zerg
  • Spawn Location: 1:00

黑羽快斗 (ButAlways) - Winner!

  • Race: Protoss Protoss
  • League: Grandmaster
  • Spawn Location: 7:00

Event: DreamHack SC2 Masters 2020 Fall

VOD

Have the link to the VOD?

Description

Time

  • Played on: Aug. 28, 2020, 10:43 a.m.
  • Length: 15:28

All games in this series

Show
View Real Time Build Order
Export as new Build Order

Yoger Zerg 

Build Orders: Hatch First, Lurkers 

Get SALT Encoding   

  12  0:00  Drone  
  13  0:12  Overlord  
  13  0:16  Drone  
  14  0:30  Drone x2  
  16  0:47  Hatchery  
  15  0:50  Drone  
  15  0:54  Drone  
  17  0:57  Drone  
  18  1:08  Extractor  
  17  1:13  Spawning Pool  
  17  1:15  Drone  
  17  1:21  Drone  
  18  1:29  Drone  
  19  1:40  Drone  
  20  1:51  Hatchery  
  20  1:53  Drone  
  20  2:00  Queen  
  22  2:04  Drone  
  22  2:08  Drone  
  24  2:13  Drone  
  25  2:16  Overlord  
  25  2:24  Queen  
  25  2:28  Drone  
  28  2:34  Metabolic Boost  
  28  2:35  Zergling x2  
  28  2:36  Zergling x2  
  31  2:44  Drone  
  31  2:48  Drone  
  31  2:50  Overlord  
  32  2:53  Drone x2  
  34  3:02  Queen  
  34  3:04  Queen  
  38  3:07  Drone  
  38  3:09  Drone  
  38  3:11  Drone  
  41  3:14  Drone  
  41  3:16  Drone  
  41  3:17  Drone  
  44  3:29  Drone x2  
  44  3:32  Drone  
  47  3:40  Overlord  
  47  3:41  Roach Warren  
  46  3:42  Drone x2  
  46  3:43  Drone  
  46  3:44  Drone  
  46  3:45  Lair  
  46  3:47  Extractor  
  49  3:51  Overlord  
  49  3:58  Overlord  
  48  4:03  Overlord  
  48  4:08  Drone  
  49  4:11  Drone x8  
  49  4:12  Extractor  
  49  4:14  Overlord  
  56  4:23  Drone x2  
  56  4:24  Drone  
  59  4:26  Drone x2  
  61  4:34  Roach x3  
  61  4:37  Queen  
  69  4:40  Roach x3  
  69  4:43  Roach x2  
  79  4:47  Overlord  
  79  4:53  Evolution Chamber  
  79  4:54  Evolution Chamber  
  79  4:55  Evolution Chamber  
  79  4:58  Roach x2  
  81  5:00  Ravager x2  
  81  5:01  Overlord  
  76  5:12  Overseer  
  77  5:22  Roach x5  
  77  5:25  Overlord  
  77  5:27  Roach x2  
  91  5:32  Roach x2  
  91  5:35  Zergling x6  
  98  5:39  Overlord x2  
  98  5:45  Overlord x2  
  98  5:47  Ravager  
  98  5:48  Roach  
  101  5:51  Spore Crawler  
  101  5:52  Spore Crawler  
  101  5:55  Spore Crawler  
  101  5:56  Spore Crawler  
  97  5:58  Spore Crawler x2  
  97  5:59  Queen  
  97  6:03  Zergling x6  
  100  6:06  Zergling x2  
  100  6:07  Zergling x4  
  100  6:11  Zergling x4  
  102  6:24  Drone x5  
  105  6:35  Drone  
  105  6:36  Drone x2, Hydralisk Den  
  105  6:37  Drone x6  
  113  6:41  Drone  
  107  6:47  Drone x4  
  107  6:48  Extractor  
  107  6:51  Drone x2  
  110  6:57  Drone  
  110  6:59  Drone x2  
  108  7:05  Drone x2  
  108  7:06  Drone  
  102  7:09  Queen  
  102  7:12  Extractor x2  
  102  7:15  Muscular Augments  
  96  7:16  Hydralisk x3  
  96  7:19  Hatchery, Zerg Missile Weapons Level 1  
  96  7:20  Hydralisk  
  103  7:26  Hydralisk  
  103  7:27  Hydralisk  
  103  7:33  Hydralisk  
  103  7:35  Hydralisk  
  105  7:38  Hydralisk  
  105  7:40  Hydralisk  
  103  7:44  Hydralisk x2  
  103  7:45  Hydralisk x2  
  111  7:55  Drone  
  111  7:56  Overlord x2  
  112  8:00  Infestation Pit  
  112  8:04  Drone  
  112  8:06  Hydralisk x3  
  112  8:11  Drone x2  
  120  8:18  Queen  
  118  8:22  Drone x7  
  125  8:35  Grooved Spines  
  125  8:38  Hive  
  125  8:40  Overlord  
  125  8:41  Overlord x2  
  124  8:48  Hydralisk x3  
  118  8:49  Zergling x14  
  118  8:54  Queen  
  132  8:55  Unknown  
  132  8:56  Spore Crawler  
  122  9:14  Drone  
  122  9:15  Drone x5, Lurker Den  
  122  9:16  Drone x3  
  130  9:23  Roach x7  
  144  9:27  Overlord x2  
  144  9:35  Spore Crawler  
  140  9:50  Viper x3  
  147  9:56  Hydralisk x9  
  147  9:59  Zerg Missile Weapons Level 2  
  163  10:13  Seismic Spines  
  163  10:14  Overlord x2  
  163  10:15  Overlord  
  163  10:17  Drone x6  
  162  10:36  Viper  
  162  10:39  Overlord x2  
  162  10:49  Hatchery  
  158  10:50  Overlord x2  
  158  10:51  Overlord x4  
  155  11:09  Hydralisk x7  
  169  11:16  Lurker  
  169  11:17  Lurker x4  
  169  11:18  Lurker x4  
  175  11:19  Lurker x2  
  175  11:22  Adaptive Talons  
  179  11:27  Overseer x2  
  179  11:36  Pneumatized Carapace  
  179  11:43  Lurker x2  
  179  11:45  Drone x9  
  190  11:49  Overseer  
  190  11:51  Hydralisk x3  
  190  11:53  Hydralisk  
  198  12:16  Lurker  
  198  12:20  Spire  
  198  12:21  Overseer  
  119  13:37  Hatchery  
  99  14:35  Overlord x11  
  99  15:04  Overseer x2  
Show
View Real Time Build Order
Export as new Build Order

黑羽快斗 Protoss - Winner!

Build Orders: 1 Gate Expand, Carriers 

Get SALT Encoding   

  12  0:00  Probe  
  13  0:12  Probe  
  14  0:18  Pylon  
  14  0:24  Probe (Chrono Boost)  
  15  0:36  Probe (Chrono Boost)  
  15  0:37  Gateway  
  16  0:45  Probe (Chrono Boost)  
  16  0:46  Assimilator  
  17  0:51  Probe  
  18  1:03  Probe  
  19  1:15  Probe  
  20  1:26  Nexus  
  20  1:34  Cybernetics Core  
  20  1:36  Probe  
  21  1:43  Assimilator  
  21  1:49  Probe  
  22  1:54  Pylon  
  22  2:01  Probe (Chrono Boost)  
  23  2:09  Stalker (Chrono Boost)  
  23  2:14  Probe (Chrono Boost)  
  26  2:17  Robotics Facility  
  26  2:19  Probe (Chrono Boost)  
  27  2:24  Warp Gate  
  27  2:29  Probe (Chrono Boost)  
  28  2:35  Stalker  
  30  2:39  Probe (Chrono Boost)  
  31  2:48  Probe x2 (Chrono Boost)  
  32  2:53  Probe (Chrono Boost)  
  32  2:54  Probe  
  34  3:02  Warp Prism (Chrono Boost)  
  34  3:05  Probe  
  35  3:07  Probe  
  38  3:17  Probe  
  38  3:19  Gateway  
  40  3:20  Probe  
  40  3:25  Pylon  
  40  3:29  Probe  
  40  3:32  Observer (Chrono Boost), Probe  
  43  3:39  Pylon  
  43  3:41  Probe  
  43  3:47  Probe  
  45  3:50  Immortal (Chrono Boost)  
  45  3:54  Assimilator, Probe  
  50  3:56  Assimilator  
  50  4:04  Stargate  
  50  4:05  Stargate, Probe  
  51  4:10  Pylon  
  51  4:11  Probe  
  52  4:17  Probe  
  52  4:23  Probe  
  54  4:29  Zealot, Probe  
  57  4:32  Zealot  
  57  4:34  Pylon  
  57  4:35  Probe  
  60  4:41  Probe  
  61  4:48  Phoenix (Chrono Boost)  
  61  4:49  Phoenix (Chrono Boost)  
  65  4:59  Shield Battery, Pylon  
  65  5:06  Phoenix (Chrono Boost)  
  65  5:10  Phoenix (Chrono Boost), Protoss Air Weapons Level 1  
  69  5:27  Phoenix (Chrono Boost)  
  71  5:33  Phoenix (Chrono Boost)  
  73  5:35  Zealot x2  
  77  5:45  Phoenix  
  77  5:47  Nexus  
  77  5:49  Pylon  
  81  5:59  Zealot x2  
  81  6:00  Phoenix (Chrono Boost)  
  85  6:09  Phoenix (Chrono Boost)  
  85  6:10  Shield Battery  
  87  6:11  Shield Battery  
  87  6:12  Probe  
  87  6:13  Probe  
  89  6:23  Phoenix (Chrono Boost)  
  89  6:24  Probe  
  89  6:25  Probe  
  93  6:34  Pylon  
  93  6:36  Probe  
  93  6:37  Robotics Bay  
  94  6:52  Phoenix x2, Probe  
  97  6:58  Sentry, Gateway  
  96  7:02  Zealot  
  96  7:05  Probe  
  96  7:07  Probe  
  92  7:13  Probe  
  93  7:17  Phoenix x2 (Chrono Boost)  
  93  7:18  Probe  
  93  7:19  Probe  
  93  7:22  Stargate  
  99  7:25  Fleet Beacon, Probe  
  100  7:30  Assimilator, Probe  
  100  7:32  Probe  
  100  7:33  Assimilator  
  102  7:38  Probe  
  102  7:42  Probe  
  104  7:47  Pylon  
  104  7:50  Probe  
  109  7:51  Shield Battery  
  109  7:53  Pylon  
  109  7:55  Colossus (Chrono Boost)  
  111  8:02  Probe  
  112  8:06  Gateway  
  112  8:07  Gateway  
  112  8:08  Forge  
  112  8:09  Gateway  
  112  8:10  Sentry  
  114  8:23  Zealot  
  114  8:26  Gateway  
  115  8:29  Gateway  
  115  8:32  Colossus (Chrono Boost)  
  113  8:41  Carrier (Chrono Boost)  
  125  8:43  Protoss Air Weapons Level 2  
  127  8:56  Carrier (Chrono Boost), Pylon  
  127  8:57  Pylon  
  123  9:03  Zealot x3  
  123  9:05  Photon Cannon  
  123  9:09  Photon Cannon  
  135  9:19  Sentry  
  135  9:21  Carrier (Chrono Boost)  
  135  9:23  Colossus (Chrono Boost)  
  137  9:29  Pylon  
  143  9:34  Pylon  
  143  9:35  Nexus  
  143  9:48  Probe, Carrier  
  153  10:00  Carrier  
  153  10:02  Observer, Protoss Ground Weapons Level 1  
  153  10:11  Zealot  
  155  10:16  Twilight Council  
  155  10:19  Observer (Chrono Boost)  
  155  10:20  Pylon  
  156  10:27  Pylon  
  153  10:36  Carrier  
  153  10:40  Observer  
  153  10:41  Probe x2  
  162  10:47  Probe x2  
  162  10:48  Assimilator  
  164  10:50  Assimilator  
  164  10:53  Probe  
  165  10:58  Carrier  
  165  11:00  Probe x2  
  173  11:07  Templar Archives  
  169  11:13  Carrier  
  169  11:18  Charge (Chrono Boost)  
  173  11:19  Shield Battery  
  173  11:20  Extended Thermal Lance  
  173  11:22  Shield Battery  
  173  11:27  Observer (Chrono Boost)  
  173  11:31  Zealot x3  
  180  11:40  Photon Cannon  
  180  11:41  Psionic Storm  
  180  11:44  High Templar x2  
  184  11:53  Photon Cannon  
  184  12:04  Carrier (Chrono Boost)  
  184  12:06  Observer  
  189  12:15  Zealot  
  191  12:19  High Templar  
  193  12:23  Nexus  
  193  12:29  Pylon  
  172  12:45  Pylon  
  172  12:48  High Templar, Pylon  
  178  13:10  Pylon  
  174  13:19  Nexus  
  138  14:14  Nexus  
  138  14:35  Observer  

Tags
 
Add a new tag
Caveats
  • Supply blocks, unpowered buildings, or Contaminate may cause inaccurate times.
  • Supply counts are checked every 10 seconds.